 Seeded DCSS version 0.30-a0-241-g1121274140 (webtiles) character file.

Game seed: 13102143588985963117 (custom seed)

249 valliere the Caller (level 6, -10/41 (44) HPs)
             Began as a Merfolk Summoner on Oct 10, 2022.
             Mangled by a wight
             ... wielding a +0 long sword
              (13 damage)
             ... on level 3 of the Dungeon.
             The game lasted 00:12:07 (3329 turns).

valliere the Caller (Merfolk Summoner)              Turns: 3329, Time: 00:12:07

HP:   -10/41 (44)   AC:  3    Str:  9    XL:     6   Next: 12%
MP:   4/9           EV: 12    Int: 14    God:
Gold: 233           SH:  3    Dex: 16    Spells: 3/9 levels left

rFire   . . .      SeeInvis .    t - +2 short sword (venom)
rCold   . . .      Faith    .    j - +0 buckler
rNeg    . . .      Spirit   .    k - +0 leather armour
rPois   .          Reflect  .    (no helmet)
rElec   .          Harm     .    (no cloak)
rCorr   .          Rampage  .    (no gloves)
Will    .....                    (no boots)
Stlth   ++........               (no amulet)
HPRegen 0.26/turn                (no ring)
MPRegen 0.11/turn                (no ring)

@: very slightly contaminated, drained
A: (nimble swimmer 2), mertail
a: no special abilities


You were on level 3 of the Dungeon.
You visited 2 branches of the dungeon, and saw 6 of its levels.

You collected 233 gold pieces.

Inventory:

Hand Weapons
 c - a +0 dagger
 l - a +2 vampiric dagger
 t - a +2 short sword of venom (weapon)
Missiles
 s - 12 stones
Armour
 a - a +0 robe
 j - a +0 buckler (worn)
 k - a +0 leather armour (worn)
Magical Staves
 q - a staff of earth
Jewellery
 f - a +6 ring of strength
 i - a ring of willpower
Wands
 v - a wand of paralysis (11)
Scrolls
 d - a scroll of blinking {unknown}
 e - 2 scrolls of teleportation {unknown}
 h - 2 scrolls of identify {unknown}
 n - 2 scrolls of vulnerability {unknown}
 p - a scroll of immolation {unknown}
 w - a scroll of poison {unknown}
Potions
 b - a potion of magic
 g - a potion of lignification {unknown}
 m - 2 potions of flight {unknown}
 o - a potion of ambrosia {unknown}
 r - a potion of haste {unknown}
 u - a potion of might {unknown}


   Skills:
 + Level 2.0 Fighting
 * Level 3.6 Long Blades
 + Level 4.0 Dodging
 + Level 3.4 Stealth
 - Level 2.0 Spellcasting
 * Level 4.9 Summonings


You had 3 spell levels left.
You knew the following spells:

 Your Spells              Type           Power      Damage    Failure   Level
a - Summon Small Mammal   Summ           60%        N/A       6%          1
b - Call Canine Familiar  Summ           15%        N/A       19%         3
c - Call Imp              Summ           15%        N/A       9%          2

Your spell library contained the following spells:

 Spells                   Type           Power      Damage    Failure   Level
 Summon Guardian Golem    Hex/Summ       8%         N/A       45%         3
 Summon Lightning Spire   Summ/Air       8%         N/A       86%         4


Dungeon Overview and Level Annotations

Branches:
Dungeon (5/15)             Temple (1/1) D:4

Altars:
Cheibriados
Elyvilon
Kikubaaqudgha
Qazlal
Sif Muna
Wu Jian
Yredelemnul
The Shining One

Shops:
D:1 *

Annotations:
D:5 2 transporters, CertainDeath's ghost, novice AtWr


Innate Abilities, Weirdness & Mutations

((You are very nimble when in or above water. (Stealth+, EV+, Speed+++)))
Your lower body shifts to a powerful aquatic tail in water.


Message History

The wight hits you with a +0 long sword!
* * * LOW HITPOINT WARNING * * *
You feel drained.
* * * LOW HITPOINT WARNING * * *
Your hound bites the wight but does no damage.
Your hound completely misses the wight.
Your hound bites the wight.
Casting: Call Canine Familiar (quite dangerous; 19% risk of failure)
Confirm with . or Enter, or press ? or * to list all spells.
A beastly little devil appears in a puff of flame.
Your hound barely misses the wight.
The wight barely misses you.
Your hound bites the wight.
Your hound bites the wight.
The wight hits your hound with a +0 long sword!
The wight drains your hound.
Your hound bites the wight but does no damage.
The wight closely misses your hound.
Your hound misses the wight.
Your hound barely misses the wight.
The wight hits your hound with a +0 long sword!
Your hound dies!
Your hound's corpse disappears in a puff of smoke!
Your crimson imp barely misses the wight.
The wight hits your crimson imp with a +0 long sword!
Your crimson imp dies!
Your crimson imp disappears in a puff of smoke!
You are too injured to fight recklessly!
Casting: Call Imp (safe; 9% risk of failure)
Confirm with . or Enter, or press ? or * to list all spells.
You miscast Summon Small Mammal.
You are very lightly contaminated with residual magic.
Nothing appears to happen.
Casting: Summon Small Mammal (safe; 6% risk of failure)
Confirm with . or Enter, or press ? or * to list all spells.
The wight attacks as you move away!
The wight hits you with a +0 long sword!
* * * LOW HITPOINT WARNING * * *
Casting: Summon Small Mammal (safe; 6% risk of failure)
Confirm with . or Enter, or press ? or * to list all spells.
The wight hits you with a +0 long sword!
You die...

#....).<#.##.######### ###
#....(.......#.. ..#
#####.###.....#.# ..#
#...#...'.....#.# ..#
#...#####....##.#
..###...###....####.#
...............# #.########
...............####..†.....#
............<..r@zr........#
###################........#
###......######
#............ #............
#............ ###..........
#.......... #......#'#.


You could see a wight (ally target), a friendly quokka (summoned) and a friendly
rat (summoned).

Vanquished Creatures
  A wight (D:2)
  A nameless horror (D:3)
  An adder (D:5)
  A shadow imp (D:5)
  An ufetubus (D:5)
  3 dart slugs
  2 orcs
  A ball python (D:2)
  6 endoplasms
  4 giant cockroaches
  4 hobgoblins (D:2)
  A quokka (D:3)
  7 bats
  4 frilled lizards
  8 goblins
  4 kobolds
  4 rats
53 creatures vanquished.

Vanquished Creatures (collateral kills)
  A wight (D:3)
  An orc wizard (D:2)
  An adder (D:5)
  A dart slug (D:1)
  6 orcs
  A ball python (D:1)
  A bat (D:1)
  2 endoplasms
  A giant cockroach (D:1)
  2 hobgoblins (D:2)
  A kobold (D:1)
  A quokka (D:1)
  A frilled lizard (D:1)
  3 goblins
  A rat (D:1)
24 creatures vanquished.

Grand Total: 77 creatures vanquished

Notes
Turn   | Place    | Note
-------+----------+-------------------------------------------
     0 | D:1      | valliere the Merfolk Summoner began the quest for the Orb.
     0 | D:1      | Reached XP level 1. HP: 13/13 MP: 3/3
     2 | D:1      | Noticed a ghoul
     4 | D:1      | Noticed a formicid
     6 | D:1      | Noticed a merfolk
     6 | D:1      | Noticed an octopode
     8 | D:1      | Noticed an armataur
     8 | D:1      | Noticed a demigod
    10 | D:1      | Noticed a draconian
    12 | D:1      | Noticed a gargoyle
    12 | D:1      | Noticed a naga
    14 | D:1      | Noticed a tengu
    14 | D:1      | Noticed a felid
    16 | D:1      | Noticed a troll
    16 | D:1      | Noticed a spriggan
    18 | D:1      | Noticed a meteoran
    18 | D:1      | Noticed a minotaur
    20 | D:1      | Noticed an ogre
    20 | D:1      | Noticed a vine stalker
    22 | D:1      | Noticed a human
    22 | D:1      | Noticed a demonspawn
    24 | D:1      | Noticed an elf
    24 | D:1      | Noticed an ogre
    26 | D:1      | Noticed a formicid
    26 | D:1      | Noticed an elf
    80 | D:1      | Reached XP level 2. HP: 16/20 MP: 1/5
   119 | D:1      | Found Haorhuyl's General Store.
   124 | D:1      | Reached skill level 1 in Long Blades
   399 | D:1      | Reached XP level 3. HP: 16/25 MP: 4/6
   747 | D:1      | Reached skill level 1 in Fighting
  1398 | D:2      | Reached XP level 4. HP: 32/32 MP: 4/7
  1402 | D:2      | Learned a level 3 spell: Call Canine Familiar
  1834 | D:2      | Found a faded altar of an unknown god.
  2042 | D:3      | Noticed a nameless horror
  2347 | D:2      | Reached XP level 5. HP: 25/38 MP: 2/8
  2477 | D:3      | Learned a level 2 spell: Call Imp
  2483 | D:3      | You fall into a shaft and drop 2 floors!
  2483 | D:5      | Entered Level 5 of the Dungeon
  2569 | D:5      | Found a transporter.
  2570 | D:5      | Noticed CertainDeath's ghost (novice AtWr)
  2573 | D:5      | Found a transporter.
  2652 | D:5      | Noticed a kobold demonologist
  2676 | D:5      | Noticed a kobold brigand
  2677 | D:5      | Noticed a kobold brigand
  2868 | D:4      | Found a staircase to the Ecumenical Temple.
  2876 | Temple   | Entered the Ecumenical Temple
  3128 | D:3      | Reached XP level 6. HP: 17/44 MP: 1/9
  3328 | D:3      | HP: 2/41 [wight/+0 long sword (8)]
  3329 | D:3      | Mangled by a wight

Illustrated notes

Levels and vault maps discovered:
D:1:      kb_arrival_jail, layout_basic, serial_shops, shop, st_stairs_2,
          hex_intersection, dreamdust_princess_bridge, minmay_box_of_dots
D:2:      cheibrodos_greedy_goblins, layout_basic,
          dreamdust_ecumenical_altar_grove
D:3:      layout_basic, nicolae_overflow_hallway_of_the_gods, uniq_ijyb
D:4:      layout_rooms, lemuel_tele_altar, minmay_temple_entry_purple_smoke,
          serial_shops, nicolae_shop_hallway_plus, shop,
          serial_co_window_serial, co_window_paths_a, co_window_corner_a,
          co_window_paths_b, co_window_paths_a, co_window_corner_a,
          co_window_paths_b, co_window_corner_a, co_window_unsneaky_path_e,
          co_window_broadway_c, co_window_cross_2, co_window_2corner,
          glass_columns_c, glass_columns_c, glass_columns_c
D:5:      layout_loops_ring, gammafunk_ghost_mausoleum, serial_shops, shop
Temple:   nicolae_temple_bog_church

Skill      XL: |  1  2  3  4  5 |
---------------+----------------+-----
Long Blades    | 1 2 3 |  3.6
Dodging        | 3 4 |  4.0
Fighting       | 1 2 |  2.0
Stealth        | 3 |  3.4
Spellcasting   | |  2.0
Summonings     | |  4.9

Action                   |  1- 3 |  4- 6 || total
-------------------------+-------+-------++-------
Melee: Dagger            |   144 |    80 ||   224
       Unarmed           |     1 |       ||     1
       Punch             |     1 |       ||     1
       Short sword       |       |    30 ||    30
 Cast: Summon Small Mamm |    29 |    20 ||    49
       Call Canine Famil |       |     5 ||     5
       Call Imp          |       |     4 ||     4
  Use: Potion            |       |     1 ||     1
 Stab: Sleeping          |     6 |     2 ||     8
Armor: Robe              |    11 |       ||    11
       Leather armour    |     8 |    21 ||    29
Dodge: Dodged            |   119 |    65 ||   184
Block: Buckler           |     9 |    18 ||    27

Table legend: (Time is in decaauts)
 A = Elapsed time spent in this place.
 B = Non-inter-level travel time spent in this place.
 C = Inter-level travel time spent in this place.
 D = Time resting spent in this place.
 E = Time spent auto-exploring this place.
 F = Levels seen in this place.
 G = Mean time per level.
                   A        B        C        D        E       F      G
               +--------+--------+--------+--------+--------+-----+--------+
         Total |   3311 |   3083 |    228 |    316 |   1909 |   6 |  551.8 |
       Dungeon |   3262 |   3045 |    217 |    316 |   1877 |   5 |  652.4 |
        Temple |     49 |     38 |     11 |      0 |     32 |   1 |   49.0 |
               +--------+--------+--------+--------+--------+-----+--------+

Top non-repeatable levels by time:
     D:2: 1317 daAuts
     D:1: 1105 daAuts
     D:3: 395 daAuts
     D:5: 259 daAuts
     D:4: 183 daAuts
  Temple: 49 daAuts
